 Dungeon Crawl Stone Soup version 0.32-a0-131-g9dbbe29261 (webtiles) character file.

Game seed: 15870619511900837843

57 Esekla the Sneak (level 4, -7/31 HPs)
             Began as an Octopode Delver on Feb 8, 2024.
             Killed by an exploding orc (19 damage)
             ... ignited by their inner flame
             ... on level 5 of the Dungeon.
             The game lasted 00:04:34 (1050 turns).

Esekla the Sneak (Octopode Delver)                  Turns: 1050, Time: 00:04:34

Health: -7/31      AC:  1    Str: 11    XL:     4   Next: 0%
Magic:  3/5        EV: 13    Int: 14    God:
Gold:   18         SH:  0    Dex: 13    Spells: 4/4 levels left

rFire   . . .        a - +0 falchion
rCold   . . .        (no shield)
rNeg    . . .        (helmet restricted)
rPois   .            (no amulet)
rElec   .            (no ring)
rCorr   .            (no ring)
SInv    .            (no ring)
Will    .....        (no ring)
Stlth   +++++        (no ring)
HPRegen 0.25/turn    (no ring)
MPRegen 0.09/turn    (no ring)
                     (no ring)

%: no passive effects
@: hasted, very quick
A: almost no armour, amphibious, 8 rings, camouflage 1, gelatinous body 1,
(nimble swimmer 1), tentacles
a: no special abilities


You were on level 5 of the Dungeon.
You visited 2 branches of the dungeon, and saw 2 of its levels.

You collected 18 gold pieces.

Inventory:

Hand Weapons
 a - a +0 falchion (weapon)
Wands
 c - a wand of iceblast (13)
 f - a wand of digging (1)
Scrolls
 b - a scroll of fog
 g - a scroll of silence {unknown}
 i - a scroll of identify {unknown}


   Skills:
 * Level 3.4 Fighting
 + Level 2.1 Long Blades
 * Level 2.3 Dodging
 + Level 7.5 Stealth
 * Level 0.9 Spellcasting


You had 4 spell levels left.
You didn't know any spells.
Your spell library contained the following spells:

 Spells                   Type           Power      Damage    Failure   Level
 Mercury Vapours          Alch/Air       0%         N/A       38%         2
 Mephitic Cloud           Conj/Alch/Air  0%         N/A       63%         3
 Freezing Cloud           Conj/Ice/Air   0%         6-21      100%        5


Dungeon Overview and Level Annotations

Branches:
Dungeon (5/15)             Temple (1/1) D:5

Altars:
Cheibriados
Dithmenos
Fedhas
Gozag
Hepliaklqana
Makhleb
Nemelex Xobeh
Okawaru
Qazlal
Ru
Sif Muna
Uskayaw
Vehumet
Wu Jian
Xom
Yredelemnul
Zin

Shops:
D:5 [

Annotations:
D:5 Ijyb


Innate Abilities, Weirdness & Mutations

You cannot wear most types of armour.
You are amphibious.
You can wear up to eight rings at the same time.
Your skin changes colour to match your surroundings (Stealth+).
Your rubbery body absorbs attacks. (AC +1, EV +1)
((You are camouflaged when in or above water. (Stealth+)))
You have tentacles for arms and can constrict up to eight enemies at once.


Message History

The orc wizard casts a spell at you. The magic dart hits you!
An ufetubus comes into view. x2
You aren't carrying any potions.
Okay, then.
The ufetubus shouts!
You hit the orc. You grab the orc. You squeeze the orc.
You kill the orc!
You closely miss the orc wizard. Your grab misses the orc wizard.
You squeeze the orc wizard.
The orc wizard is moderately wounded.
The orc wizard closely misses you. The orc misses you.
You slash the orc wizard! Your grab misses the orc wizard.
The orc wizard is almost dead.
The orc wizard casts a spell at you. You resist with significant effort.
An ogre comes into view. It is wielding a +0 giant club.
The orc completely misses you.
You hit the orc but do no damage. You grab the orc. You constrict the orc.
The orc wizard points at you and mumbles some strange words.
The magic dart hits you.
The ogre shouts!
You hit the orc wizard. You grab the orc wizard.
You tentacle-slap the orc wizard, but do no damage.
The orc wizard is almost dead.
You constrict the orc. You constrict the orc wizard.
You kill the orc wizard!
The orc closely misses you.
You have reached level 4!
Okay, then.
Unknown command.
As you read the scroll labelled YFROOBERCHO, it crumbles to dust.
The creatures around you are filled with an inner flame!
It was a scroll of immolation.
You constrict the orc.
Flame seeps out of the orc.
The orc is engulfed in blazing flames.
The orc explodes!
The fiery explosion engulfs the ufetubus!!!
The ufetubus is burned terribly!
The fiery explosion engulfs you!!
Ouch! That really hurt!
You die...

*,* *,#.#.#.####..o.
*,*******#.#.#.o....#....
*,,,,,,,,..#.####.#.#....
*********#.#.#*,,.#,#.###
#.#.#*,*##,#.#..
#o#.#*,..,,#...⌠
#.#'##'#####.#..
****#########o........######
*,,,..O§..§@ooo........#
*,,,§.....§○#..........#
*,,~≈§≈≈≈≈.§#..........#
**,,§≈≈≈≈≈§5...........#
*,ß..§§_≈≈.###........#
*,,.≈§§§≈§.# #........#
*,~≈≈§§§≈..# ########.#
*,,..§.§...# ****,***
*****,,..,,* *,,,,,,*


You could see an orc warrior (inner flame), an ogre (inner flame), an ufetubus
(inner flame) and 3 orcs.

Vanquished Creatures
  A hound (D:5)
  An orc wizard (D:5)
  An ufetubus (D:5)
  2 orcs (D:5)
5 creatures vanquished.

Vanquished Creatures (others)
  A quokka (D:5)
1 creature vanquished.

Grand Total: 6 creatures vanquished

Notes
Turn   | Place    | Note
-------+----------+-------------------------------------------
     0 | D:5      | Esekla the Octopode Delver began the quest for the Orb.
     0 | D:5      | Reached XP level 1. HP: 16/16 MP: 1/1
     0 | D:5      | Noticed Ijyb
    21 | D:5      | Noticed an iguana
    33 | D:5      | Noticed a hound
    43 | D:5      | Killed a hound
    44 | D:5      | Reached skill level 7 in Stealth
    44 | D:5      | Reached XP level 2. HP: 20/21 MP: 2/2
    44 | D:5      | Reached XP level 3. HP: 25/26 MP: 3/3
   458 | D:5      | Found a shimmering blue altar of Sif Muna.
   458 | D:5      | Found a shadowy altar of Dithmenos.
   459 | D:5      | Found a radiant altar of Vehumet.
   994 | D:5      | Found a staircase to the Ecumenical Temple.
  1003 | Temple   | Entered the Ecumenical Temple
  1017 | D:5      | Noticed a steam dragon
  1020 | D:5      | Noticed a scorpion
  1037 | D:5      | Found an opulent altar of Gozag.
  1040 | D:5      | Noticed an orc warrior
  1047 | D:5      | Noticed an ogre
  1050 | D:5      | Reached XP level 4. HP: 12/31 MP: 3/5
  1050 | D:5      | Killed by an exploding orc... ignited by their inner flame

Illustrated notes

Levels and vault maps discovered:
D:5:      layout_basic, elyvilon_altar_4, gammafunk_temple_overflow_claw,
          mainiacjoe_overflow_catwalk, minmay_temple_entry_antechambers,
          serial_shops, nicolae_stop_n_shop_1, uniq_ijyb
Temple:   nicolae_temple_bog_church

Skill      XL: |  1 |
---------------+----+-----
Stealth        | 7 |  7.5
Fighting       | |  3.4
Long Blades    | |  2.1
Dodging        | |  2.3
Spellcasting   | |  0.9

Action                     |  1- 3 |  4- 6 || total
---------------------------+-------+-------++-------
  Melee: Falchion          |     8 |       ||     8
         Tentacles         |     3 |       ||     3
         Constrict         |     3 |       ||     3
         Punch             |     1 |       ||     1
  Evoke: Wand              |     2 |       ||     2
    Use: Scroll            |     2 |     1 ||     3
         Potion            |     1 |       ||     1
 Armour: Skin              |     6 |     1 ||     7
  Dodge: Dodged            |     9 |       ||     9

Table legend: (Time is in decaauts)
 A = Elapsed time spent in this place.
 B = Non-inter-level travel time spent in this place.
 C = Inter-level travel time spent in this place.
 D = Time resting spent in this place.
 E = Time spent auto-exploring this place.
 F = Levels seen in this place.
 G = Mean time per level.
                   A        B        C        D        E       F      G
               +--------+--------+--------+--------+--------+-----+--------+
         Total |   1046 |   1046 |      0 |    800 |      0 |   2 |  523.0 |
       Dungeon |   1044 |   1044 |      0 |    800 |      0 |   1 | 1044.0 |
        Temple |      1 |      1 |      0 |      0 |      0 |   1 |    1.0 |
               +--------+--------+--------+--------+--------+-----+--------+

Top non-repeatable levels by time:
     D:5: 1044 daAuts
  Temple: 1 daAuts
